 Dungeon Crawl Stone Soup version 0.30-a0-4-ga7cffc901d (webtiles) character file.

Game seed: 7703332481848690420

95 Setbun the Chopper (level 4, -1/40 HPs)
             Began as a Hill Orc Fighter on Aug 20, 2022.
             Slain by a hound (4 damage)
             ... on level 5 of the Dungeon.
             The game lasted 00:01:56 (1898 turns).

Setbun the Chopper (Hill Orc Fighter)               Turns: 1898, Time: 00:01:57

Health: -1/40      AC:  7    Str: 20    XL:     4   Next: 66%
Magic:  4/4        EV:  9    Int:  8    God:
Gold:   92         SH:  4    Dex: 10    Spells: 3/3 levels left

rFire   . . .      SeeInvis .    a - +0 war axe
rCold   . . .      Faith    .    c - +0 buckler
rNeg    . . .      Spirit   .    b - +0 scale mail
rPois   .          Reflect  .    (no helmet)
rElec   .          Harm     .    (no cloak)
rCorr   .          Rampage  .    (no gloves)
Will    .....                    (no boots)
Stlth   ..........               (no amulet)
HPRegen 0.13/turn                (no ring)
MPRegen 0.09/turn                (no ring)

@: no status effects
A: no striking features
a: no special abilities


You were on level 5 of the Dungeon.
You visited 1 branch of the dungeon, and saw 4 of its levels.

You collected 92 gold pieces.

Inventory:

Hand Weapons
 a - a +0 war axe (weapon)
Armour
 b - a +0 scale mail (worn)
 c - a +0 buckler (worn)
Jewellery
 h - a ring of fire
Scrolls
 e - 2 scrolls of immolation {unknown}
 g - 3 scrolls of identify {unknown}
 j - a scroll of amnesia {unknown}
 k - a scroll of teleportation {unknown}
 l - a scroll of butterflies {unknown}
 n - a scroll of poison {unknown}
 o - a scroll of magic mapping {unknown}
Potions
 d - 2 potions of might
 f - 3 potions of curing {unknown}
 i - 2 potions of magic {unknown}
 m - a potion of lignification {unknown}
 p - 2 potions of haste {unknown}


   Skills:
 + Level 4.3 Fighting
 * Level 4.4 Axes
 + Level 3.9 Armour
 + Level 3.9 Shields


You had 3 spell levels left.
You didn't know any spells.
Your spell library contained the following spells:

 Spells                   Type           Power      Damage    Failure   Level
 Gell's Gravitas          Tloc           0%         N/A       99%         3
 Teleport Other           Tloc           0%         N/A       99%         3
 Dispersal                Tloc           0%         N/A       100%        6


Dungeon Overview and Level Annotations

Branches:
Dungeon (5/15)
 Temple: D:4-7

Altars:
Trog

Annotations:
D:5 Ijyb


Message History

Found a scroll labelled VYMNOT ZAINI.
Found an escape hatch in the floor.
Ijyb screams, "Me stronger than you!"
An orc comes into view. It is wielding a +0 hand axe.
The orc shouts!
There is an escape hatch in the floor here.
Ijyb hits you but does no damage.
You slide downwards.
The hatch slams shut behind you.
The hound barks!
The adder hisses angrily.
Found 20 gold pieces.
You hit Ijyb.
Ijyb is moderately wounded.
You block Ijyb's attack. Ijyb hits you but does no damage.
You hit Ijyb but do no damage.
Ijyb is moderately wounded.
Ijyb hits you but does no damage. The adder barely misses you.
You closely miss Ijyb.
Ijyb is moderately wounded.
You slash the adder! You block the adder's attack.
Ijyb hits you with a +0 dagger.
* * * LOW HITPOINT WARNING * * *
The adder bites you but does no damage.
A white imp comes into view.
The white imp shouts!
You hit Ijyb.
Ijyb is severely wounded.
You miss the adder. You hit the hound. You block Ijyb's attack.
The hound bites you but does no damage. The adder bites you but does no damage.
Ijyb hits you with a +0 dagger.
* * * LOW HITPOINT WARNING * * *
The hound bites you.
* * * LOW HITPOINT WARNING * * *
The adder barely misses you.
You barely miss Ijyb.
Ijyb is severely wounded.
You slash the adder!
You kill the adder!
You slash the hound! The hound bites you.
* * * LOW HITPOINT WARNING * * *
Ijyb hits you but does no damage. The hound bites you.
You die...

...............
...............
........5......
#.............
#.............
#........$....
#....$h.......
#....@.......
##..g..##....
####### #


You could see Ijyb, a hound and a white imp.

Vanquished Creatures
  4 adders
  A worm (D:2)
  A dart slug (D:1)
  6 orcs (D:4)
  3 endoplasms
  5 giant cockroaches
  5 goblins
  6 hobgoblins
  5 kobolds
  4 quokkas
  2 ball pythons
  2 bats (D:1)
  4 frilled lizards
  5 rats
53 creatures vanquished.

Notes
Turn   | Place    | Note
-------+----------+-------------------------------------------
     0 | D:1      | Setbun the Hill Orc Fighter began the quest for the Orb.
     0 | D:1      | Reached XP level 1. HP: 19/19 MP: 1/1
   132 | D:1      | Reached XP level 2. HP: 17/27 MP: 2/2
   542 | D:1      | Reached XP level 3. HP: 31/33 MP: 3/3
   988 | D:1      | Found a faded altar of an unknown god.
  1321 | D:2      | Reached XP level 4. HP: 40/40 MP: 4/4
  1572 | D:2      | Found a bloodstained altar of Trog.
  1797 | D:2      | You fall into a shaft and drop 2 floors!
  1798 | D:4      | Noticed Ijyb
  1800 | D:4      | Noticed an ogre
  1814 | D:4      | Paralysed by Ijyb for 2 turns
  1828 | D:4      | Paralysed by Ijyb for 2 turns
  1833 | D:4      | Paralysed by Ijyb for 3 turns
  1838 | D:4      | Paralysed by Ijyb for 5 turns
  1893 | D:5      | Entered Level 5 of the Dungeon
  1898 | D:5      | Slain by a hound

Illustrated notes

Levels and vault maps discovered:
D:1:      heliophobic_arrival_ceremonial_halls, layout_basic,
          chequers_ecumenical_altar_grove, minmay_surrounded
D:2:      layout_loops_ring, basic_altar, serial_park_tiny_2
D:4:      layout_basic, grunt_temple_overflow_opulence,
          chequers_serial_rivers_micro_a, minmay_shop_grid_forest, uniq_ijyb
D:5:      layout_rooms, mainiacjoe_overflow_surrounded_room,
          nicolae_overflow_crystal_walls, minmay_temple_entry_antechambers,
          uniq_grinder

Skill      XL: |  1  2  3 |
---------------+----------+-----
Axes           | 3 4 |  4.4
Fighting       | 4 |  4.3
Armour         | |  3.9
Shields        | |  3.9

Action                   |  1- 3 |  4- 6 || total
-------------------------+-------+-------++-------
Melee: War axe           |    63 |    67 ||   130
Armor: Scale mail        |    42 |    49 ||    91
Dodge: Dodged            |    36 |    31 ||    67
Block: Buckler           |    11 |    15 ||    26

Table legend: (Time is in decaauts)
 A = Elapsed time spent in this place.
 B = Non-inter-level travel time spent in this place.
 C = Inter-level travel time spent in this place.
 D = Time resting spent in this place.
 E = Time spent auto-exploring this place.
 F = Levels seen in this place.
 G = Mean time per level.
                   A        B        C        D        E       F      G
               +--------+--------+--------+--------+--------+-----+--------+
         Total |   1941 |   1912 |     29 |      0 |   1518 |   4 |  485.2 |
       Dungeon |   1941 |   1912 |     29 |      0 |   1518 |   4 |  485.2 |
               +--------+--------+--------+--------+--------+-----+--------+

Top non-repeatable levels by time:
     D:1: 1186 daAuts
     D:2: 648 daAuts
     D:4: 100 daAuts
     D:5: 6 daAuts
